Blackhawks vs Sabres (R1)

Created - October 15, 2023 at 19:35

Goals
1 2 3 T
Blackhawks 0 1 2 3
Sabres 1 1 3 5
Shots
1 2 3 T
Blackhawks 10 12 4 26
Sabres 15 11 10 36

1st period

1. Sabres , Teuvo Teravainen 1 (Tyler Johnson 1) at 15:40

Penalties :
Colton Parayko (Buf) for High sticking (Minor) at 0:57

2nd period

2. Blackhawks , Jakob Silfverberg 1 (Johnny Gaudreau 1) at 4:36
3. Sabres , Tyler Johnson 1 (Colton Parayko 1, Sidney Crosby 1) at 14:00 (PP)

Penalties :
William Nylander (Buf) for Hooking (Minor) at 8:48, Corey Perry (Chi) for Goalie Interference (Minor) at 13:27, Ryan Kesler (Buf) for Slashing (Minor) at 18:35

3rd period

4. Blackhawks , Jordan Staal 1 (Jamie McBain 2, Radko Gudas 1) at 0:10 (PP)
5. Sabres , Tyler Johnson 2 (Colton Parayko 2, Aaron Ekblad 1) at 2:56 (PP)
6. Sabres , Ben Hutton 1 (Sidney Crosby 2, Tyler Johnson 2) at 3:52
7. Blackhawks , Antoine Roussel 1 (Corey Perry 1, Nick Bjugstad 1) at 10:53
8. Sabres , Tyler Johnson 3 (Sidney Crosby 3, Aaron Ekblad 2) at 11:01

Penalties :
Jakob Silfverberg (Chi) for Tripping (Minor) at 0:22, Andrew Mangiapane (Chi) for Holding (Minor) at 2:40, Radko Gudas (Chi) for Interference (Minor) at 4:11

Goalie Stats

James Reimer (Chi), 31 saves from 36 shots - (0.861), L, 0-2-0, 60:00 minutes
John Gibson (Buf), 23 saves from 26 shots - (0.885), W, 1-0-0, 60:00 minutes

Players Stats for Blackhawks

Player Name              G  A  P  +/- PIM S  H  SB GA TA FO     MP     PP MP  PK MP  
------------------------------------------------------------------------------------
Andrew Mangiapane        0  0  0   0  2   2  0  0  0  0  0/0    10:24   0:00   0:13 
Antoine Roussel          1  0  1   0  0   5  3  0  0  0  1/5    18:29   2:23   1:07 
Ben Harpur               0  0  0   0  0   1  1  3  0  0  0/0    18:28   1:57   1:29 
Brett Maclean            0  0  0   0  0   1  0  0  0  0  0/0     9:11   0:00   0:00 
Calvin de Haan           0  0  0   0  0   1  0  0  1  2  0/0    19:08   1:57   2:14 
Corey Perry              0  1  1   0  2   4  1  0  0  0  2/3    17:30   1:09   0:00 
Jakob Silfverberg        1  0  1  -1  2   2  1  0  1  0  1/1    18:43   3:10   0:00 
James Wright             0  0  0   0  0   0  0  0  0  0  2/5    11:58   0:00   1:14 
Jamie McBain             0  1  1  -2  0   3  1  1  1  2  0/0    29:18   3:36   3:18 
Johnny Gaudreau          0  1  1  -1  0   1  2  1  1  0  0/1    21:57   3:10   3:30 
Jordan Staal             1  0  1  -1  0   1  4  0  1  0  19/47  27:13   3:37   3:30 
Mike Amadio              0  0  0   0  0   2  0  0  0  0  0/0    11:51   0:00   0:00 
Nick Bjugstad            0  1  1   0  0   2  1  1  1  0  0/0    17:17   2:23   0:00 
Nick Bonino              0  0  0   0  0   0  0  1  0  0  0/1     1:35   0:47   0:00 
Petter Granberg          0  0  0   0  0   0  0  2  0  0  0/0    12:47   0:00   0:37 
Radko Gudas              0  1  1  -1  2   0  0  4  0  1  0/0    28:01   3:36   1:56 
Robert Hagg              0  0  0   1  0   0  0  2  0  1  0/0    12:18   0:00   0:00 
Stefan Matteau           0  0  0   0  0   1  1  1  0  0  1/3     9:01   0:00   0:00 

Players Stats for Sabres

Player Name              G  A  P  +/- PIM S  H  SB GA TA FO     MP     PP MP  PK MP  
------------------------------------------------------------------------------------
Aaron Ekblad             0  2  2   3  0   1  1  1  0  2  0/0    25:22   3:37   0:00 
Adrian Kempe             0  0  0   0  0   1  3  0  0  0  0/1    13:03   1:10   0:30 
Ben Hutton               1  0  1   2  0   1  0  1  1  2  0/0    22:35   0:00   3:17 
Brian Ferlin             0  0  0  -1  0   1  2  1  0  1  1/1    10:29   0:00   3:19 
Colton Parayko           0  2  2   0  2   1  4  0  0  0  0/0    23:43   3:37   2:06 
Evgeni Malkin            0  0  0  -1  0   2  2  0  0  0  5/8    15:26   1:23   0:18 
Kyle Okposo              0  0  0   0  0   1  2  0  0  0  0/0    12:53   0:00   1:47 
Logan Couture            0  0  0   0  0   2  1  0  0  0  6/7    12:53   0:00   1:47 
Morgan Rielly            0  0  0  -1  0   1  0  1  0  0  0/0    13:58   1:10   0:39 
Nate Schmidt             0  0  0  -1  0   1  1  0  1  0  0/0    18:12   0:00   2:52 
Nikita Zaitsev           0  0  0  -1  0   0  1  3  0  0  0/0    15:04   0:00   2:12 
Ryan Kesler              0  0  0  -1  2   0  0  0  0  0  0/0     7:00   0:00   0:00 
Sam Gagner               0  0  0  -1  0   2  3  0  0  0  0/0    14:51   1:23   0:00 
Sidney Crosby            0  3  3   3  0   3  1  0  3  1  21/36  21:07   3:24   0:00 
Teuvo Teravainen         1  0  1   3  0   11 3  0  0  0  0/0    21:13   3:24   0:06 
Tyler Johnson            3  2  5   3  0   5  2  0  1  0  4/6    21:09   3:24   0:00 
William Karlsson         0  0  0  -1  0   2  0  0  0  0  3/7    10:28   0:00   3:19 
William Nylander         0  0  0  -1  2   1  1  0  0  0  0/0    14:58   1:23   0:00 

3 Stars

1 - Tyler Johnson (Buf)
2 - Sidney Crosby (Buf)
3 - Teuvo Teravainen (Buf)

Power Play

Blackhawks - 1 on 3 Attempt(s) - 33.33%
Sabres - 2 on 4 Attempt(s) - 50.00%

Penalty Kill

Blackhawks - 2 on 4 Attempt(s) - 50.00% - Score 0 goal in Penalty Kill
Sabres - 2 on 3 Attempt(s) - 66.67% - Score 0 goal in Penalty Kill

Team Stat

Blackhawks - Hits : 15 - Faceoff Wins : 26 - Blocked Shots : 16 - Penalty Minutes : 8
Sabres - Hits : 27 - Faceoff Wins : 40 - Blocked Shots : 7 - Penalty Minutes : 6

Official

Referees : Steve Kozari and Gord Dwyer
Linesman : James Tobias and Libor Suchanek

Game Notes

Nick Bonino is injured at 4:43 of 1st period (Strained Left Elbow)
Tyler Johnson has scored a Hat Trick!

Finance

Level 1 -- Attendance: 6000 (100.00%) -- Ticket Income $600,000
Level 2 -- Attendance: 5000 (100.00%) -- Ticket Income $300,000
Level 3 -- Attendance: 1961 (98.05%) -- Ticket Income $68,635
Level 4 -- Attendance: 3963 (99.08%) -- Ticket Income $99,075
Luxury Box -- Attendance: 944 (94.40%) -- Ticket Income $188,800
Game was played at the Key Bank Center.
Total Attendance: 17868 (99.27%)
Total Ticket Income: $1,256,510
Other Income: $188,476
Total Income: $1,444,986

Blackhawks

5 vs 5 Forward 
   Center                   Left Wing                Right Wing               Time % Phy DF OF 
 1 Jordan Staal             Johnny Gaudreau          Jakob Silfverberg        40     1   2  2  
 2 Nick Bonino              Antoine Roussel          Nick Bjugstad            30     1   2  2  
 3 James Wright             Brett Maclean            Corey Perry              20     1   2  2  
 4 Stefan Matteau           Andrew Mangiapane        Mike Amadio              10     1   2  2  

5 vs 5 Defense 
   Defense                  Defense                                           Time % Phy DF OF 
 1 Jamie McBain             Radko Gudas                                       40     1   2  2  
 2 Ben Harpur               Calvin de Haan                                    30     1   2  2  
 3 Petter Granberg          Robert Hagg                                       20     1   2  2  
 4 Jamie McBain             Radko Gudas                                       10     1   2  2  

PowerPlay Forward 
   Center                   Left Wing                Right Wing               Time % Phy DF OF 
 1 Jordan Staal             Johnny Gaudreau          Jakob Silfverberg        60     1   2  2  
 2 Nick Bonino              Antoine Roussel          Nick Bjugstad            40     1   2  2  

PowerPlay Defense
   Defense                  Defense                                           Time % Phy DF OF 
 1 Jamie McBain             Radko Gudas                                       60     1   2  2  
 2 Ben Harpur               Calvin de Haan                                    40     1   2  2  

Penalty Kill 4 Players Forward 
   Center                   Wing                     Time % Phy DF OF 
 1 Jordan Staal             Johnny Gaudreau          60     1   2  2  
 2 Nick Bonino              Antoine Roussel          40     1   2  2  

Penalty Kill 4 Players Defense
   Defense                  Defense                  Time % Phy DF OF 
 1 Jamie McBain             Radko Gudas              60     1   2  2  
 2 Ben Harpur               Calvin de Haan           40     1   2  2  

Penalty Kill - 3 Players Forward 
   Forward                                           Time % Phy DF OF 
 1 Jordan Staal                                      60     1   2  2  
 2 Nick Bonino                                       40     1   2  2  

Penalty Kill - 3 Players Defense
   Defense                  Defense                  Time % Phy DF OF 
 1 Jamie McBain             Radko Gudas              60     1   2  2  
 2 Ben Harpur               Calvin de Haan           40     1   2  2  

4 vs 4 Forward 
   Center                   Wing                     Time % Phy DF OF 
 1 Jordan Staal             Johnny Gaudreau          60     1   2  2  
 2 Nick Bonino              Antoine Roussel          40     1   2  2  

4 vs 4 Defense
   Defense                  Defense                  Time % Phy DF OF 
 1 Jamie McBain             Radko Gudas              60     1   2  2  
 2 Ben Harpur               Calvin de Haan           40     1   2  2  

Last Minutes Offensive
   Center                   Left Wing                Right Wing               Defense                  Defense                  
   Jordan Staal             Johnny Gaudreau          Jakob Silfverberg        Jamie McBain             Radko Gudas              

Last Minutes Defensive
   Center                   Left Wing                Right Wing               Defense                  Defense                  
   Jordan Staal             Johnny Gaudreau          Jakob Silfverberg        Jamie McBain             Radko Gudas              

Goaltenders
Starting : James Reimer             
Backup : Joe Cannata              

Extra Forwards
Normal : Jordan Staal, Corey Perry, Mike Amadio - PP : Jordan Staal, Corey Perry - PK : Jordan Staal
Extra Defensemen
Normal : Calvin de Haan, Petter Granberg, Robert Hagg - PP : Calvin de Haan - PK : Calvin de Haan, Petter Granberg
Penalty Shots
Johnny Gaudreau, Jakob Silfverberg, Nick Bjugstad, Antoine Roussel, Jordan Staal
Custom OT Lines Forwards
Johnny Gaudreau, Jakob Silfverberg, Nick Bjugstad, Antoine Roussel, Jordan Staal, Corey Perry, Mike Amadio, Nick Bonino, Brett Maclean, James Wright
Custom OT Lines Defensemen
Jamie McBain, Radko Gudas, Ben Harpur, Calvin de Haan, Petter Granberg

Scratches
Petr Kvaca (Healthy)

Sabres

5 vs 5 Forward 
   Center                   Left Wing                Right Wing               Time % Phy DF OF 
 1 Sidney Crosby            Teuvo Teravainen         Tyler Johnson            40     1   2  2  
 2 Evgeni Malkin            William Nylander         Sam Gagner               30     1   2  2  
 3 Logan Couture            Adrian Kempe             Kyle Okposo              20     1   2  2  
 4 William Karlsson         Ryan Kesler              Brian Ferlin             10     1   2  2  

5 vs 5 Defense 
   Defense                  Defense                                           Time % Phy DF OF 
 1 Ben Hutton               Aaron Ekblad                                      40     1   2  2  
 2 Nate Schmidt             Colton Parayko                                    30     1   2  2  
 3 Morgan Rielly            Nikita Zaitsev                                    20     1   2  2  
 4 Aaron Ekblad             Colton Parayko                                    10     1   2  2  

PowerPlay Forward 
   Center                   Left Wing                Right Wing               Time % Phy DF OF 
 1 Sidney Crosby            Teuvo Teravainen         Tyler Johnson            60     1   2  2  
 2 Evgeni Malkin            William Nylander         Sam Gagner               40     1   2  2  

PowerPlay Defense
   Defense                  Defense                                           Time % Phy DF OF 
 1 Aaron Ekblad             Colton Parayko                                    60     1   2  2  
 2 Adrian Kempe             Morgan Rielly                                     40     1   2  2  

Penalty Kill 4 Players Forward 
   Center                   Wing                     Time % Phy DF OF 
 1 William Karlsson         Brian Ferlin             60     1   2  2  
 2 Logan Couture            Kyle Okposo              40     1   2  2  

Penalty Kill 4 Players Defense
   Defense                  Defense                  Time % Phy DF OF 
 1 Ben Hutton               Colton Parayko           60     1   2  2  
 2 Nate Schmidt             Nikita Zaitsev           40     1   2  2  

Penalty Kill - 3 Players Forward 
   Forward                                           Time % Phy DF OF 
 1 William Karlsson                                  60     1   2  2  
 2 Logan Couture                                     40     1   2  2  

Penalty Kill - 3 Players Defense
   Defense                  Defense                  Time % Phy DF OF 
 1 Ben Hutton               Colton Parayko           60     1   2  2  
 2 Nate Schmidt             Nikita Zaitsev           40     1   2  2  

4 vs 4 Forward 
   Center                   Wing                     Time % Phy DF OF 
 1 Sidney Crosby            Tyler Johnson            60     1   2  2  
 2 Evgeni Malkin            Teuvo Teravainen         40     1   2  2  

4 vs 4 Defense
   Defense                  Defense                  Time % Phy DF OF 
 1 Morgan Rielly            Aaron Ekblad             60     1   2  2  
 2 Ben Hutton               Colton Parayko           40     1   2  2  

Last Minutes Offensive
   Center                   Left Wing                Right Wing               Defense                  Defense                  
   Sidney Crosby            Teuvo Teravainen         Tyler Johnson            Aaron Ekblad             Colton Parayko           

Last Minutes Defensive
   Center                   Left Wing                Right Wing               Defense                  Defense                  
   Sidney Crosby            Logan Couture            Brian Ferlin             Nikita Zaitsev           Colton Parayko           

Goaltenders
Starting : John Gibson              
Backup : Cam Talbot               

Extra Forwards
Normal : Sidney Crosby, Tyler Johnson, Evgeni Malkin - PP : Logan Couture, Kyle Okposo - PK : Adrian Kempe
Extra Defensemen
Normal : Aaron Ekblad, Colton Parayko, Morgan Rielly - PP : Nikita Zaitsev - PK : Nate Schmidt, Morgan Rielly
Penalty Shots
Sidney Crosby, Tyler Johnson, Teuvo Teravainen, William Nylander, Adrian Kempe
Custom OT Lines Forwards
Sidney Crosby, Tyler Johnson, Evgeni Malkin, Teuvo Teravainen, William Nylander, Adrian Kempe, Sam Gagner, Kyle Okposo, Logan Couture, William Karlsson
Custom OT Lines Defensemen
Aaron Ekblad, Colton Parayko, Morgan Rielly, Ben Hutton, Nikita Zaitsev

Scratches
Ryan Dzingel (Healthy)

% Time on Ice - Blackhawks

Lines # - Real PCT - Wanted PCT - Time Play
Normal Forward
1 - 32% - 40% - 15:43
2 - 33% - 30% - 16:10
3 - 18% - 20% - 8:46
4 - 18% - 10% - 9:01
Normal Defense
1 - 40% - 40% - 19:42
2 - 30% - 30% - 14:57
3 - 25% - 20% - 12:13
4 - 6% - 10% - 2:48
PP Forward
1 - 57% - 60% - 3:10
2 - 43% - 40% - 2:23
PP Defense
1 - 65% - 60% - 3:36
2 - 35% - 40% - 1:57
PK Forward
1 - 78% - 60% - 3:43
2 - 22% - 40% - 1:04
PK Defense
1 - 82% - 60% - 3:55
2 - 18% - 40% - 0:52
PK3 Forward
1 - 0% - 60%
2 - 0% - 40%
PK3 Defense
1 - 0% - 60%
2 - 0% - 40%
44 Forward
1 - 0% - 60%
2 - 0% - 40%
44 Defense
1 - 0% - 60%
2 - 0% - 40%
Last Minute Offensive  - 0:00
Last Minute Defensive  - 0:00
Total
Forward - 60:00
Defense - 60:00

% Time on Ice - Sabres

Lines # - Real PCT - Wanted PCT - Time Play
Normal Forward
1 - 36% - 40% - 18:05
2 - 27% - 30% - 13:33
3 - 22% - 20% - 11:01
4 - 14% - 10% - 7:01
Normal Defense
1 - 41% - 40% - 20:10
2 - 31% - 30% - 15:20
3 - 23% - 20% - 11:40
4 - 5% - 10% - 2:30
PP Forward
1 - 71% - 60% - 3:24
2 - 29% - 40% - 1:23
PP Defense
1 - 76% - 60% - 3:37
2 - 24% - 40% - 1:10
PK Forward
1 - 68% - 60% - 3:46
2 - 32% - 40% - 1:47
PK Defense
1 - 60% - 60% - 3:21
2 - 40% - 40% - 2:12
PK3 Forward
1 - 0% - 60%
2 - 0% - 40%
PK3 Defense
1 - 0% - 60%
2 - 0% - 40%
44 Forward
1 - 0% - 60%
2 - 0% - 40%
44 Defense
1 - 0% - 60%
2 - 0% - 40%
Last Minute Offensive  - 0:00
Last Minute Defensive  - 0:00
Total
Forward - 60:00
Defense - 60:00

Play-by-Play

1st period


0:01 of 1st period - Jordan Staal wins face-off versus Sidney Crosby in neutral zone.
0:04 of 1st period - Aaron Ekblad is hit by Jordan Staal.
0:27 of 1st period - Jordan Staal is hit by Aaron Ekblad and loses puck.
0:33 of 1st period - Off-side.
0:34 of 1st period - Logan Couture wins face-off versus Nick Bonino in neutral zone.
0:49 of 1st period - Snap shot by Antoine Roussel.
0:49 of 1st period - Stopped by John Gibson with a rebound.
0:51 of 1st period - Backhand shot by Ben Harpur.
0:51 of 1st period - Stopped by John Gibson with a rebound.
0:57 of 1st period - Minor Penalty to Colton Parayko for High sticking.
0:58 of 1st period - Jordan Staal wins face-off versus William Karlsson in Sabres zone.
1:25 of 1st period - Antoine Roussel is hit by Kyle Okposo and loses puck.
1:34 of 1st period - Snap shot by Nick Bjugstad.
1:34 of 1st period - Shot Blocked by Ben Hutton.
1:36 of 1st period - Slapshot by Jamie McBain.
1:36 of 1st period - Deflect By Nick Bjugstad.
1:36 of 1st period - Shot Misses the Net.
1:36 of 1st period - Puck is out of play.
1:37 of 1st period - Jordan Staal wins face-off versus William Karlsson in Sabres zone.
2:46 of 1st period - Johnny Gaudreau is hit by Kyle Okposo.
2:47 of 1st period - Icing by Johnny Gaudreau.
2:48 of 1st period - Logan Couture wins face-off versus Jordan Staal in Blackhawks zone.
2:57 of 1st period - Penalty to Colton Parayko is over, Colton Parayko is back on ice.
3:25 of 1st period - Slapshot by William Nylander.
3:25 of 1st period - Shot Blocked by Petter Granberg.
4:08 of 1st period - Icing by Radko Gudas.
4:09 of 1st period - Jordan Staal wins face-off versus Sidney Crosby in Blackhawks zone.
4:36 of 1st period - Snap shot by Johnny Gaudreau.
4:36 of 1st period - Stopped by John Gibson without a rebound.
4:37 of 1st period - Evgeni Malkin wins face-off versus Antoine Roussel in Sabres zone.
4:37 of 1st period - Evgeni Malkin is hit by Antoine Roussel.
4:43 of 1st period - Backhand shot by Colton Parayko.
4:43 of 1st period - Shot Blocked by Nick Bonino.
4:43 of 1st period - Nick Bonino from Blackhawks is injured at 4:43 of 1st period (Strained Left Elbow).
4:44 of 1st period - Evgeni Malkin wins face-off versus Jordan Staal in Blackhawks zone.
4:52 of 1st period - Snap shot by Sam Gagner.
4:52 of 1st period - Deflect By Jordan Staal.
4:52 of 1st period - Shot Blocked by Robert Hagg.
4:52 of 1st period - Puck is out of play.
4:53 of 1st period - Jordan Staal wins face-off versus Evgeni Malkin in Blackhawks zone.
5:51 of 1st period - Jakob Silfverberg is hit by Sam Gagner and loses puck.
6:04 of 1st period - Slapshot by Evgeni Malkin.
6:04 of 1st period - Shot Blocked by Johnny Gaudreau.
6:08 of 1st period - Wrist shot by Sam Gagner.
6:08 of 1st period - Shot Misses the Net.
6:14 of 1st period - Snap shot by Evgeni Malkin.
6:14 of 1st period - Deflect By William Nylander.
6:14 of 1st period - Shot Blocked by Petter Granberg.
6:14 of 1st period - Puck is out of play.
6:15 of 1st period - Corey Perry wins face-off versus Tyler Johnson in Blackhawks zone.
6:20 of 1st period - Wrist shot by Nick Bjugstad.
6:20 of 1st period - Shot Blocked by Aaron Ekblad.
6:22 of 1st period - Snap shot by Nick Bjugstad.
6:22 of 1st period - Shot Misses the Net.
6:30 of 1st period - Slapshot by Nick Bjugstad.
6:30 of 1st period - Stopped by John Gibson with a rebound.
6:59 of 1st period - Icing by Aaron Ekblad.
7:00 of 1st period - James Wright wins face-off versus Adrian Kempe in Sabres zone.
7:26 of 1st period - Brett Maclean is hit by Colton Parayko.
8:11 of 1st period - Slapshot by Teuvo Teravainen.
8:11 of 1st period - Shot Misses the Net.
8:18 of 1st period - Icing by Jamie McBain.
8:19 of 1st period - Evgeni Malkin wins face-off versus Stefan Matteau in Blackhawks zone.
8:34 of 1st period - Ben Hutton is hit by Jamie McBain and loses puck.
8:41 of 1st period - Slapshot by Stefan Matteau.
8:41 of 1st period - Stopped by John Gibson without a rebound.
8:42 of 1st period - Jordan Staal wins face-off versus Sidney Crosby in Sabres zone.
8:45 of 1st period - Slapshot by Antoine Roussel.
8:45 of 1st period - Stopped by John Gibson without a rebound.
8:46 of 1st period - Sidney Crosby wins face-off versus Antoine Roussel in Sabres zone.
8:46 of 1st period - Sidney Crosby is hit by Antoine Roussel.
8:52 of 1st period - Wrist shot by Teuvo Teravainen.
8:52 of 1st period - Stopped by James Reimer without a rebound.
8:53 of 1st period - Sidney Crosby wins face-off versus Jordan Staal in Blackhawks zone.
9:00 of 1st period - Wrist shot by Teuvo Teravainen.
9:00 of 1st period - Stopped by James Reimer with a rebound.
9:55 of 1st period - Off-side.
9:56 of 1st period - Sidney Crosby wins face-off versus Jordan Staal in neutral zone.
10:03 of 1st period - Colton Parayko is hit by Jordan Staal and loses puck.
10:12 of 1st period - Wrist shot by Tyler Johnson.
10:12 of 1st period - Shot Misses the Net.
10:31 of 1st period - Snap shot by Corey Perry.
10:31 of 1st period - Stopped by John Gibson with a rebound.
11:27 of 1st period - Snap shot by Brett Maclean.
11:27 of 1st period - Stopped by John Gibson without a rebound.
11:28 of 1st period - Sidney Crosby wins face-off versus James Wright in Sabres zone.
11:33 of 1st period - Slapshot by Tyler Johnson.
11:33 of 1st period - Shot Misses the Net.
11:41 of 1st period - Slapshot by Teuvo Teravainen.
11:41 of 1st period - Shot Misses the Net.
11:43 of 1st period - Slapshot by Ben Hutton.
11:43 of 1st period - Deflect By Teuvo Teravainen.
11:43 of 1st period - Stopped by James Reimer with a rebound.
11:45 of 1st period - Slapshot by Teuvo Teravainen.
11:45 of 1st period - Stopped by James Reimer without a rebound.
11:46 of 1st period - Logan Couture wins face-off versus Jordan Staal in Blackhawks zone.
11:47 of 1st period - Snap shot by Adrian Kempe.
11:47 of 1st period - Stopped by James Reimer with a rebound.
11:49 of 1st period - Snap shot by Kyle Okposo.
11:49 of 1st period - Stopped by James Reimer without a rebound.
11:50 of 1st period - Logan Couture wins face-off versus Jordan Staal in Blackhawks zone.
12:01 of 1st period - Snap shot by Logan Couture.
12:01 of 1st period - Stopped by James Reimer without a rebound.
12:02 of 1st period - Sidney Crosby wins face-off versus Jordan Staal in Blackhawks zone.
13:21 of 1st period - Slapshot by William Karlsson.
13:21 of 1st period - Deflect By Brian Ferlin.
13:21 of 1st period - Stopped by James Reimer without a rebound.
13:22 of 1st period - Sidney Crosby wins face-off versus Jordan Staal in Blackhawks zone.
15:19 of 1st period - Snap shot by Logan Couture.
15:19 of 1st period - Stopped by James Reimer without a rebound.
15:20 of 1st period - Sidney Crosby wins face-off versus Antoine Roussel in Blackhawks zone.
15:27 of 1st period - Wrist shot by Teuvo Teravainen.
15:27 of 1st period - Stopped by James Reimer without a rebound.
15:28 of 1st period - Corey Perry wins face-off versus Sidney Crosby in Blackhawks zone.
15:30 of 1st period - Icing by Jamie McBain.
15:31 of 1st period - Sidney Crosby wins face-off versus Corey Perry in Blackhawks zone.
15:38 of 1st period - Wrist shot by Tyler Johnson.
15:38 of 1st period - Shot Misses the Net.
15:40 of 1st period - Slapshot by Teuvo Teravainen.
15:40 of 1st period - Goal by Teuvo Teravainen - Blackhawks : 0 - Sabres : 1.
15:41 of 1st period - Sidney Crosby wins face-off versus Johnny Gaudreau in neutral zone.
16:17 of 1st period - Off-side.
16:18 of 1st period - Antoine Roussel wins face-off versus Evgeni Malkin in neutral zone.
18:14 of 1st period - Slapshot by Aaron Ekblad.
18:14 of 1st period - Stopped by James Reimer with a rebound.
18:16 of 1st period - Wrist shot by Brian Ferlin.
18:16 of 1st period - Shot Misses the Net.
18:18 of 1st period - Snap shot by William Karlsson.
18:18 of 1st period - Stopped by James Reimer without a rebound.
18:19 of 1st period - William Karlsson wins face-off versus Jordan Staal in Blackhawks zone.
18:28 of 1st period - Wrist shot by Antoine Roussel.
18:28 of 1st period - Stopped by John Gibson with a rebound.
18:42 of 1st period - Wrist shot by Sidney Crosby.
18:42 of 1st period - Shot Blocked by Stefan Matteau.
18:44 of 1st period - Wrist shot by Aaron Ekblad.
18:44 of 1st period - Deflect By Tyler Johnson.
18:44 of 1st period - Shot Blocked by Ben Harpur.
18:44 of 1st period - Puck is out of play.
18:45 of 1st period - Tyler Johnson wins face-off versus Jordan Staal in Blackhawks zone.
18:50 of 1st period - Slapshot by Tyler Johnson.
18:50 of 1st period - Stopped by James Reimer without a rebound.
18:51 of 1st period - Jordan Staal wins face-off versus Sidney Crosby in Blackhawks zone.
18:51 of 1st period - Jordan Staal is hit by Teuvo Teravainen.
19:19 of 1st period - Slapshot by Radko Gudas.
19:19 of 1st period - Shot Misses the Net.
19:39 of 1st period - Icing by Radko Gudas.
19:40 of 1st period - Tyler Johnson wins face-off versus Stefan Matteau in Blackhawks zone.
19:43 of 1st period - Wrist shot by Tyler Johnson.
19:43 of 1st period - Deflect By Sidney Crosby.
19:43 of 1st period - Stopped by James Reimer without a rebound.
19:44 of 1st period - Stefan Matteau wins face-off versus Sidney Crosby in Blackhawks zone.
19:49 of 1st period - Snap shot by Andrew Mangiapane.
19:49 of 1st period - Stopped by John Gibson with a rebound.
Goals for this period are 0 for Blackhawks vs 1 for Sabres.
Shots for this period are 10 for Blackhawks vs 15 for Sabres.

2nd period


0:01 of 2nd period - Sidney Crosby wins face-off versus Jordan Staal in neutral zone.
0:10 of 2nd period - Wrist shot by Teuvo Teravainen.
0:10 of 2nd period - Stopped by James Reimer without a rebound.
0:11 of 2nd period - Jordan Staal wins face-off versus Tyler Johnson in Blackhawks zone.
0:11 of 2nd period - Jordan Staal is hit by Tyler Johnson.
0:42 of 2nd period - Wrist shot by Evgeni Malkin.
0:42 of 2nd period - Stopped by James Reimer without a rebound.
0:43 of 2nd period - Evgeni Malkin wins face-off versus Jordan Staal in Blackhawks zone.
1:05 of 2nd period - Wrist shot by William Nylander.
1:05 of 2nd period - Stopped by James Reimer with a rebound.
1:11 of 2nd period - Slapshot by Calvin de Haan.
1:11 of 2nd period - Shot Misses the Net.
1:13 of 2nd period - Snap shot by Corey Perry.
1:13 of 2nd period - Deflect By William Nylander.
1:13 of 2nd period - Stopped by John Gibson with a rebound.
1:15 of 2nd period - Backhand shot by Calvin de Haan.
1:15 of 2nd period - Deflect By Brett Maclean.
1:15 of 2nd period - Shot Blocked by Nikita Zaitsev.
1:15 of 2nd period - Puck is out of play.
1:16 of 2nd period - Sidney Crosby wins face-off versus Jordan Staal in Sabres zone.
1:16 of 2nd period - Sidney Crosby is hit by Jordan Staal.
1:27 of 2nd period - Icing by Jordan Staal.
1:28 of 2nd period - Jordan Staal wins face-off versus Sidney Crosby in Blackhawks zone.
1:39 of 2nd period - Slapshot by Aaron Ekblad.
1:39 of 2nd period - Shot Misses the Net.
1:55 of 2nd period - Evgeni Malkin is hit by Nick Bjugstad and loses puck.
2:16 of 2nd period - Slapshot by William Karlsson.
2:16 of 2nd period - Shot Blocked by Robert Hagg.
3:14 of 2nd period - Wrist shot by Evgeni Malkin.
3:14 of 2nd period - Stopped by James Reimer without a rebound.
3:15 of 2nd period - Jordan Staal wins face-off versus Evgeni Malkin in Blackhawks zone.
3:46 of 2nd period - Wrist shot by Teuvo Teravainen.
3:46 of 2nd period - Shot Misses the Net.
3:52 of 2nd period - Snap shot by Tyler Johnson.
3:52 of 2nd period - Shot Blocked by Nick Bjugstad.
3:54 of 2nd period - Slapshot by Colton Parayko.
3:54 of 2nd period - Shot Misses the Net.
4:12 of 2nd period - Snap shot by Jamie McBain.
4:12 of 2nd period - Stopped by John Gibson with a rebound.
4:14 of 2nd period - Wrist shot by Andrew Mangiapane.
4:14 of 2nd period - Stopped by John Gibson with a rebound.
4:36 of 2nd period - Slapshot by Jakob Silfverberg.
4:36 of 2nd period - Goal by Jakob Silfverberg - Blackhawks : 1 - Sabres : 1.
4:37 of 2nd period - Jordan Staal wins face-off versus Sidney Crosby in neutral zone.
4:40 of 2nd period - Colton Parayko is hit by Jordan Staal and loses puck.
5:03 of 2nd period - Corey Perry is hit by Colton Parayko and loses puck.
6:24 of 2nd period - Slapshot by Jamie McBain.
6:24 of 2nd period - Stopped by John Gibson with a rebound.
6:55 of 2nd period - Wrist shot by Andrew Mangiapane.
6:55 of 2nd period - Shot Blocked by Brian Ferlin.
7:26 of 2nd period - Johnny Gaudreau is hit by Tyler Johnson and loses puck.
8:05 of 2nd period - Morgan Rielly is hit by Stefan Matteau and loses puck.
8:16 of 2nd period - Calvin de Haan is hit by Teuvo Teravainen and loses puck.
8:41 of 2nd period - Ben Hutton is hit by Johnny Gaudreau and loses puck.
8:48 of 2nd period - Minor Penalty to William Nylander for Hooking.
8:49 of 2nd period - Brian Ferlin wins face-off versus Jordan Staal in Sabres zone.
8:49 of 2nd period - Brian Ferlin is hit by Jakob Silfverberg.
9:05 of 2nd period - Slapshot by Jamie McBain.
9:05 of 2nd period - Stopped by John Gibson without a rebound.
9:06 of 2nd period - Jordan Staal wins face-off versus William Karlsson in Sabres zone.
9:19 of 2nd period - Wrist shot by Jakob Silfverberg.
9:19 of 2nd period - Stopped by John Gibson with a rebound.
10:48 of 2nd period - Penalty to William Nylander is over, William Nylander is back on ice.
11:01 of 2nd period - Wrist shot by Teuvo Teravainen.
11:01 of 2nd period - Stopped by James Reimer with a rebound.
11:50 of 2nd period - Jordan Staal is hit by Evgeni Malkin and loses puck.
12:19 of 2nd period - Robert Hagg is hit by Nikita Zaitsev and loses puck.
12:33 of 2nd period - Icing by Nikita Zaitsev.
12:34 of 2nd period - Logan Couture wins face-off versus James Wright in Sabres zone.
12:43 of 2nd period - Wrist shot by Corey Perry.
12:43 of 2nd period - Stopped by John Gibson without a rebound.
12:44 of 2nd period - Sidney Crosby wins face-off versus Jordan Staal in Sabres zone.
13:25 of 2nd period - Backhand shot by William Nylander.
13:25 of 2nd period - Shot Misses the Net.
13:27 of 2nd period - Minor Penalty to Corey Perry for Goalie Interference.
13:28 of 2nd period - Sidney Crosby wins face-off versus Jordan Staal in Blackhawks zone.
13:58 of 2nd period - Snap shot by Tyler Johnson.
13:58 of 2nd period - Shot Blocked by Ben Harpur.
14:00 of 2nd period - Slapshot by Tyler Johnson.
14:00 of 2nd period - Goal by Tyler Johnson - Blackhawks : 1 - Sabres : 2.
14:01 of 2nd period - Evgeni Malkin wins face-off versus Jordan Staal in neutral zone.
14:06 of 2nd period - Wrist shot by Aaron Ekblad.
14:06 of 2nd period - Shot Blocked by Jamie McBain.
14:18 of 2nd period - Snap shot by Sam Gagner.
14:18 of 2nd period - Stopped by James Reimer with a rebound.
14:33 of 2nd period - Wrist shot by Nick Bjugstad.
14:33 of 2nd period - Stopped by John Gibson without a rebound.
14:34 of 2nd period - Tyler Johnson wins face-off versus Antoine Roussel in Sabres zone.
14:39 of 2nd period - Ben Harpur is hit by Sidney Crosby and loses puck.
15:25 of 2nd period - Snap shot by Logan Couture.
15:25 of 2nd period - Shot Misses the Net.
15:27 of 2nd period - Slapshot by Nate Schmidt.
15:27 of 2nd period - Shot Blocked by Radko Gudas.
15:29 of 2nd period - Slapshot by Nate Schmidt.
15:29 of 2nd period - Shot Misses the Net.
15:31 of 2nd period - Slapshot by Adrian Kempe.
15:31 of 2nd period - Shot Misses the Net.
15:45 of 2nd period - Wrist shot by Brian Ferlin.
15:45 of 2nd period - Deflect By Ryan Kesler.
15:45 of 2nd period - Shot Blocked by Radko Gudas.
15:45 of 2nd period - Puck is out of play.
15:46 of 2nd period - James Wright wins face-off versus William Karlsson in Blackhawks zone.
16:01 of 2nd period - Backhand shot by William Karlsson.
16:01 of 2nd period - Stopped by James Reimer without a rebound.
16:02 of 2nd period - Tyler Johnson wins face-off versus Jordan Staal in Blackhawks zone.
16:05 of 2nd period - Snap shot by Teuvo Teravainen.
16:05 of 2nd period - Stopped by James Reimer with a rebound.
16:09 of 2nd period - Snap shot by Sidney Crosby.
16:09 of 2nd period - Stopped by James Reimer with a rebound.
16:11 of 2nd period - Slapshot by Teuvo Teravainen.
16:11 of 2nd period - Stopped by James Reimer with a rebound.
16:59 of 2nd period - Slapshot by Mike Amadio.
16:59 of 2nd period - Deflect By Colton Parayko.
16:59 of 2nd period - Stopped by John Gibson with a rebound.
17:03 of 2nd period - Slapshot by Calvin de Haan.
17:03 of 2nd period - Stopped by John Gibson with a rebound.
17:05 of 2nd period - Slapshot by Ben Harpur.
17:05 of 2nd period - Shot Misses the Net.
17:07 of 2nd period - Snap shot by Calvin de Haan.
17:07 of 2nd period - Shot Misses the Net.
18:21 of 2nd period - Backhand shot by Andrew Mangiapane.
18:21 of 2nd period - Shot Misses the Net.
18:23 of 2nd period - Wrist shot by Jamie McBain.
18:23 of 2nd period - Shot Blocked by Nikita Zaitsev.
18:25 of 2nd period - Wrist shot by Stefan Matteau.
18:25 of 2nd period - Shot Blocked by Nikita Zaitsev.
18:35 of 2nd period - Minor Penalty to Ryan Kesler for Slashing.
18:36 of 2nd period - William Karlsson wins face-off versus Jordan Staal in Sabres zone.
18:53 of 2nd period - Jordan Staal is hit by Colton Parayko and loses puck.
19:08 of 2nd period - Wrist shot by Calvin de Haan.
19:08 of 2nd period - Shot Misses the Net.
19:10 of 2nd period - Snap shot by Corey Perry.
19:10 of 2nd period - Shot Misses the Net.
19:12 of 2nd period - Snap shot by Corey Perry.
19:12 of 2nd period - Stopped by John Gibson without a rebound.
19:13 of 2nd period - Logan Couture wins face-off versus Jordan Staal in Sabres zone.
Goals for this period are 1 for Blackhawks vs 1 for Sabres.
Shots for this period are 12 for Blackhawks vs 11 for Sabres.

3rd period


0:01 of 3rd period - William Karlsson wins face-off versus Jordan Staal in neutral zone.
0:08 of 3rd period - Slapshot by Jamie McBain.
0:08 of 3rd period - Shot Misses the Net.
0:10 of 3rd period - Wrist shot by Jordan Staal.
0:10 of 3rd period - Goal by Jordan Staal - Blackhawks : 2 - Sabres : 2.
0:11 of 3rd period - Sidney Crosby wins face-off versus Jordan Staal in neutral zone.
0:18 of 3rd period - Wrist shot by Teuvo Teravainen.
0:18 of 3rd period - Stopped by James Reimer without a rebound.
0:19 of 3rd period - Jakob Silfverberg wins face-off versus Sidney Crosby in Blackhawks zone.
0:19 of 3rd period - Jakob Silfverberg is hit by Teuvo Teravainen.
0:22 of 3rd period - Minor Penalty to Jakob Silfverberg for Tripping.
0:23 of 3rd period - Jordan Staal wins face-off versus Sidney Crosby in Blackhawks zone.
0:31 of 3rd period - Snap shot by Tyler Johnson.
0:31 of 3rd period - Stopped by James Reimer without a rebound.
0:32 of 3rd period - Jordan Staal wins face-off versus Sidney Crosby in Blackhawks zone.
0:36 of 3rd period - Off-side.
0:37 of 3rd period - Sidney Crosby wins face-off versus Jordan Staal in neutral zone.
0:51 of 3rd period - Snap shot by Sidney Crosby.
0:51 of 3rd period - Shot Blocked by Radko Gudas.
0:53 of 3rd period - Slapshot by Colton Parayko.
0:53 of 3rd period - Stopped by James Reimer without a rebound.
0:54 of 3rd period - Sidney Crosby wins face-off versus Jordan Staal in Blackhawks zone.
1:54 of 3rd period - Icing by Sidney Crosby.
1:55 of 3rd period - Sidney Crosby wins face-off versus James Wright in Sabres zone.
2:22 of 3rd period - Penalty to Jakob Silfverberg is over, Jakob Silfverberg is back on ice.
2:40 of 3rd period - Minor Penalty to Andrew Mangiapane for Holding.
2:41 of 3rd period - Sidney Crosby wins face-off versus Jordan Staal in Blackhawks zone.
2:56 of 3rd period - Wrist shot by Tyler Johnson.
2:56 of 3rd period - Goal by Tyler Johnson - Blackhawks : 2 - Sabres : 3.
2:57 of 3rd period - Jordan Staal wins face-off versus Sidney Crosby in neutral zone.
3:12 of 3rd period - Wrist shot by Sidney Crosby.
3:12 of 3rd period - Stopped by James Reimer with a rebound.
3:30 of 3rd period - Snap shot by Sam Gagner.
3:30 of 3rd period - Stopped by James Reimer with a rebound.
3:32 of 3rd period - Backhand shot by Colton Parayko.
3:32 of 3rd period - Shot Blocked by Radko Gudas.
3:34 of 3rd period - Slapshot by Nate Schmidt.
3:34 of 3rd period - Stopped by James Reimer without a rebound.
3:35 of 3rd period - Jordan Staal wins face-off versus Sidney Crosby in Blackhawks zone.
3:50 of 3rd period - Wrist shot by Sidney Crosby.
3:50 of 3rd period - Shot Misses the Net.
3:52 of 3rd period - Slapshot by Ben Hutton.
3:52 of 3rd period - Goal by Ben Hutton - Blackhawks : 2 - Sabres : 4.
3:53 of 3rd period - Sidney Crosby wins face-off versus Jordan Staal in neutral zone.
4:11 of 3rd period - Minor Penalty to Radko Gudas for Interference.
4:12 of 3rd period - Sidney Crosby wins face-off versus Jordan Staal in Blackhawks zone.
4:27 of 3rd period - Off-side.
4:28 of 3rd period - Jordan Staal wins face-off versus Sidney Crosby in neutral zone.
5:14 of 3rd period - Adrian Kempe is hit by Johnny Gaudreau and loses puck.
6:11 of 3rd period - Penalty to Radko Gudas is over, Radko Gudas is back on ice.
6:42 of 3rd period - Antoine Roussel is hit by Adrian Kempe and loses puck.
7:29 of 3rd period - Kyle Okposo is hit by Antoine Roussel.
8:37 of 3rd period - Petter Granberg is hit by Colton Parayko and loses puck.
9:25 of 3rd period - Calvin de Haan is hit by Brian Ferlin and loses puck.
9:45 of 3rd period - Jordan Staal is hit by Adrian Kempe and loses puck.
10:40 of 3rd period - Colton Parayko is hit by Ben Harpur and loses puck.
10:51 of 3rd period - Slapshot by Antoine Roussel.
10:51 of 3rd period - Stopped by John Gibson with a rebound.
10:53 of 3rd period - Wrist shot by Corey Perry.
10:53 of 3rd period - Deflect By Antoine Roussel.
10:53 of 3rd period - Goal by Antoine Roussel - Blackhawks : 3 - Sabres : 4.
10:54 of 3rd period - Jordan Staal wins face-off versus Sidney Crosby in neutral zone.
11:01 of 3rd period - Snap shot by Tyler Johnson.
11:01 of 3rd period - Goal by Tyler Johnson - Blackhawks : 3 - Sabres : 5.
11:02 of 3rd period - Sidney Crosby wins face-off versus Jordan Staal in neutral zone.
11:37 of 3rd period - Corey Perry is hit by Nate Schmidt and loses puck.
11:47 of 3rd period - Corey Perry is hit by Sam Gagner and loses puck.
11:58 of 3rd period - Ben Harpur is hit by Adrian Kempe and loses puck.
12:47 of 3rd period - Wrist shot by Tyler Johnson.
12:47 of 3rd period - Shot Misses the Net.
13:05 of 3rd period - Slapshot by Sam Gagner.
13:05 of 3rd period - Shot Misses the Net.
13:07 of 3rd period - Wrist shot by William Nylander.
13:07 of 3rd period - Shot Misses the Net.
13:25 of 3rd period - Snap shot by Mike Amadio.
13:25 of 3rd period - Stopped by John Gibson with a rebound.
13:27 of 3rd period - Slapshot by Petter Granberg.
13:27 of 3rd period - Shot Blocked by Morgan Rielly.
14:04 of 3rd period - Jamie McBain is hit by Brian Ferlin.
14:24 of 3rd period - Calvin de Haan is hit by Evgeni Malkin and loses puck.
15:43 of 3rd period - Snap shot by Logan Couture.
15:43 of 3rd period - Shot Misses the Net.
15:45 of 3rd period - Slapshot by Morgan Rielly.
15:45 of 3rd period - Stopped by James Reimer without a rebound.
15:46 of 3rd period - Jordan Staal wins face-off versus Logan Couture in Blackhawks zone.
15:46 of 3rd period - Jordan Staal is hit by Logan Couture.
16:02 of 3rd period - Slapshot by Adrian Kempe.
16:02 of 3rd period - Shot Blocked by Ben Harpur.
17:06 of 3rd period - Snap shot by Sam Gagner.
17:06 of 3rd period - Shot Misses the Net.
17:12 of 3rd period - Morgan Rielly is hit by Corey Perry and loses puck.
18:34 of 3rd period - Nick Bjugstad is hit by William Nylander.
18:38 of 3rd period - Antoine Roussel is hit by Sam Gagner and loses puck.
Goals for this period are 2 for Blackhawks vs 3 for Sabres.
Shots for this period are 4 for Blackhawks vs 10 for Sabres.